 Dungeon Crawl Stone Soup version 0.23.2-33-g5129a83 (webtiles) character file.

Game seed: 823120439356002957

7909 Autismocles the Severer (level 11, -4/105 (106) HPs)
             Began as a Minotaur Fighter on July 6, 2019.
             Was a Believer of Ru.
             Slain by an ice beast (11 damage)
             ... on level 11 of the Dungeon.
             The game lasted 00:26:04 (11264 turns).

Autismocles the Severer (Minotaur Fighter)         Turns: 11264, Time: 00:26:05

HP:   -4/105 (106)  AC:  6    Str: 27    XL:     11   Next: 3%
MP:   10/10         EV:  8    Int:  5    God:    Ru [**....]
Gold: 590           SH: 10    Dex: 14    Spells: 10/10 levels left

rFire    + . .     SeeInvis .   l - +1 war axe "Qicakyfu" {drain, rF+}
rCold    . . .     Gourm    .   c - +0 shield
rNeg     . . .     Faith    .   n - +2 leather armour of Rotation {Str+3}
rPois    .         Spirit   .   (helmet restricted)
rElec    .         Reflect  .   F - scarf {repulsion}
rCorr    .         Harm     .   h - +0 pair of gloves
MR       +....                  (no boots)
Stlth    +.........             x - amulet of rage
HPRegen  0.27/turn              P - +4 ring of strength
MPRegen  0.12/turn              G - ring of protection from magic

@: repel missiles
A: retaliatory headbutt, horns 2, inability to train dodging, no charms magic,
no poison magic, no transmutations magic
a: Renounce Religion, Evoke Berserk Rage


You were on level 11 of the Dungeon.
You worshipped Ru.
Ru was pleased with you.
You were not hungry.

You visited 1 branch of the dungeon, and saw 11 of its levels.
You also visited: Ossuary.

You collected 995 gold pieces.
You spent 405 gold pieces at shops.

Inventory:

Hand Weapons
 a - a +1 war axe
 l - the +1 war axe "Qicakyfu" (weapon) {drain, rF+}
   (You found it on level 8 of the Dungeon)

   A truly terrible weapon, it drains the life of those it strikes.
   It protects you from fire.
 I - a +0 shortbow
 Q - a +0 whip
Missiles
 g - 468 stones (quivered)
 p - 74 bolts
 u - 121 arrows
Armour
 b - the +7 chain mail "Bebunk" {rElec Slay+4, unknown}
   (You found it on level 11 of the Dungeon)

   It affects your accuracy and damage with ranged weapons and melee attacks
   (+4).
   It insulates you from electricity.
 c - a +0 shield (worn)
 h - a +0 pair of gloves (worn)
 n - the +2 leather armour of Rotation (worn) {Str+3}
   (You found it on level 10 of the Dungeon)

   It affects your strength (+3).
 F - a scarf of repulsion (worn)
 R - a scarf of spirit shield
 U - a +0 plate armour of poison resistance
Jewellery
 e - an uncursed ring of flight
 i - an uncursed ring of positive energy
 x - an amulet of rage (around neck)
 G - a ring of protection from magic (right hand)
 P - a +4 ring of strength (left hand)
 T - an uncursed ring of wizardry
Scrolls
 s - 8 scrolls of identify
 t - 2 scrolls of teleportation
 z - 5 scrolls of fear
 A - 3 scrolls of amnesia
 J - 3 scrolls of remove curse
 M - 2 scrolls of blinking
 N - a scroll of enchant weapon
 O - a scroll of fog
Potions
 d - 2 potions of might
 j - 2 potions of agility {unknown}
 k - 2 potions of berserk rage
 m - 2 potions of heal wounds {unknown}
 o - 3 potions of invisibility {unknown}
 q - 3 potions of ambrosia {unknown}
 r - a potion of haste
 v - a potion of cancellation {unknown}
 w - a potion of brilliance {unknown}
 C - 7 potions of curing {unknown}
 H - 3 potions of mutation {unknown}
 L - 3 potions of flight {unknown}
Comestibles
 f - 8 rations


   Skills:
 * Level 12.9 Fighting
 - Level 15.1 Axes
 - Level 3.6 Armour
 - Level 3.6 Shields


You had 10 spell levels left.
You didn't know any spells.
Your spell library contained the following spells:

 Spells                   Type           Power        Failure   Level  Hunger
 Animate Skeleton         Necr           N/A          95%         1    ##.....
 Pain                     Necr           #...         95%         1    ##.....
 Vampiric Draining        Necr           #.........   100%        3    ####...
 Animate Dead             Necr           N/A          100%        4    #####..
 Regeneration             Chrm/Necr      Unusable     N/A         3    N/A

Dungeon Overview and Level Annotations

Branches:
Dungeon (11/15)            Temple (0/1) D:6            Lair (0/6) D:8
    Orc (0/2) D:10

Altars:
Ashenzari
Cheibriados
Dithmenos
Fedhas
Hepliaklqana
Nemelex Xobeh
Ru
Trog
Uskayaw
Wu Jian
Yredelemnul
Zin

Shops:
D:4 }   D:5 }   D:6 =!


Innate Abilities, Weirdness & Mutations

You reflexively headbutt those who attack you in melee.
You have a pair of horns on your head.
You cannot train Dodging skill.
You cannot study or cast Charms magic.
You cannot study or cast Poison magic.
You cannot study or cast Transmutations magic.


Message History

* * * LOW HITPOINT WARNING * * *
You closely miss the shadow. You headbutt the shadow!
The shadow is heavily damaged.
You slash the ice beast! The ice beast barely misses you. The shadow hits you.
* * * LOW HITPOINT WARNING * * *
You block the orc warrior's attack.
The orc hits you from afar with a +0 trident!
* * * LOW HITPOINT WARNING * * *
The orc wizard shouts!
You hear a shout!
The shadow hits you.
* * * LOW HITPOINT WARNING * * *
The orc wizard points at you and mumbles some strange words.
You resist with almost no effort. You block the shadow's attack.
The orc hits you but does no damage.
You hear a shout!
There is a stone staircase leading up here.
The jelly hits you but does no damage. The ice beast hits you.
* * * LOW HITPOINT WARNING * * *
The ice beast freezes you!
You die...

...#........
...........##
............
...........#
...........#
....[.....####
#.......J....#
#.....@W..# #
#......Y..# #.##.
##...^..o.##......
#......o.).......
#..............#.
.....#####..##..#
..###o ##... .# ..
.. #... .. ....


You could see an orc warrior, an ice beast, a shadow, a jelly, an orc wizard and
an orc.

Vanquished Creatures
  Harold (D:7)
  2 two-headed ogres
  2 orc sorcerers (D:10)
  A troll (D:10)
  2 hippogriffs (D:10)
  Sigmund (D:6)
  A wraith (D:8)
  A hungry ghost (D:7)
  Grum (D:9)
  A steam dragon (D:9)
  A two-headed ogre zombie (D:10)
  An orc warrior (D:10)
  2 black bears
  3 sky beasts
  2 necrophages
  4 phantoms
  An ice beast (D:10)
  2 ogres
  An eye of draining (D:8)
  2 centaurs
  4 wolves (D:9)
  A big kobold (D:8)
  7 bullfrogs
  A wyvern skeleton (D:9)
  A troll zombie (D:10)
  A scorpion (D:9)
  A howler monkey (D:10)
  2 crimson imps
  A bullfrog zombie (D:6)
  A quasit (D:10)
  3 jellies
  An orc priest (D:10)
  Crazy Yiuf (D:7)
  A centaur skeleton (D:4)
  A gnoll shaman (D:4)
  3 orc wizards
  2 iguanas
  5 worker ants
  6 ogre zombies (D:10)
  2 hound zombies (D:9)
  2 hound skeletons (D:7)
  8 mummies (Ossuary)
  5 gnolls
  9 adders
  A shadow imp (D:8)
  2 oozes (D:1)
  An adder zombie (D:10)
  3 adder skeletons
  2 dart slugs
  7 leopard geckos
  11 orcs
  4 giant cockroaches
  5 goblins
  8 hobgoblins
  17 jackals
  2 quokkas
  2 ball pythons
  10 bats
  7 frilled lizards
  2 goblin skeletons (D:10)
  A goblin zombie (D:10)
  A hobgoblin skeleton (D:10)
  4 hobgoblin zombies
  A jackal skeleton (D:7)
  13 kobolds
  3 kobold zombies (Ossuary)
  A leopard gecko zombie (D:6)
  7 orc skeletons (D:10)
  15 orc zombies
  A quokka skeleton (D:4)
  6 rats
238 creatures vanquished.

Vanquished Creatures (others)
  A crocodile (D:7)
1 creature vanquished.

Grand Total: 239 creatures vanquished

Notes
Turn   | Place    | Note
-------+----------+-------------------------------------------
     0 | D:1      | Autismocles the Minotaur Fighter began the quest for the
                  | Orb.
     0 | D:1      | Reached XP level 1. HP: 19/19 MP: 0/0
    35 | D:1      | Reached skill level 3 in Axes
    37 | D:1      | Reached XP level 2. HP: 26/26 MP: 1/1
   195 | D:1      | Reached skill level 4 in Axes
   216 | D:1      | Reached XP level 3. HP: 30/31 MP: 2/2
   777 | D:2      | Reached skill level 5 in Axes
  1316 | D:2      | Reached XP level 4. HP: 38/39 MP: 3/3
  1982 | D:3      | Reached skill level 6 in Axes
  2041 | D:3      | Found a shattered altar of Ashenzari.
  2467 | D:4      | Found an ornate altar of the Wu Jian Council.
  2616 | D:4      | Found a blossoming altar of Fedhas.
  2691 | D:4      | Found Disuiq's Gadget Shop.
  2809 | D:4      | Reached XP level 5. HP: 45/45 MP: 4/4
  3111 | D:4      | Reached skill level 7 in Axes
  3517 | D:5      | Entered Level 5 of the Dungeon
  3517 | D:5      | Found a sacrificial altar of Ru.
  3517 | D:5      | Found a snail-covered altar of Cheibriados.
  3518 | D:5      | Found a hide-covered altar of Uskayaw.
  3520 | D:5      | Found a shadowy altar of Dithmenos.
  3531 | D:5      | Found Herph's Gadget Emporium.
  3531 | D:5      | Found a bloodstained altar of Trog.
  3535 | D:5      | Found a basalt altar of Yredelemnul.
  3538 | D:5      | Found a sparkling altar of Nemelex Xobeh.
  3546 | D:5      | Became a worshipper of Ru the Awakened
  3813 | D:5      | Noticed an angel
  3814 | D:5      | Found a glowing silver altar of Zin.
  3900 | D:5      | Found a hazy altar of Hepliaklqana.
  3976 | D:6      | Reached skill level 8 in Axes
  3976 | D:6      | Reached XP level 6. HP: 51/51 MP: 5/5
  4043 | D:6      | Found a staircase to the Ecumenical Temple.
  4248 | D:5      | Reached skill level 9 in Axes
  4248 | D:5      | Reached XP level 7. HP: 29/57 MP: 6/6
  4562 | D:6      | Noticed Sigmund
  4992 | D:6      | Killed Sigmund
  4992 | D:6      | Reached skill level 10 in Axes
  5331 | D:6      | Found Recaz's Distillery.
  5713 | D:6      | Found Cothegol's Jewellery Shop.
  5873 | D:7      | Reached skill level 11 in Axes
  5873 | D:7      | Reached XP level 8. HP: 35/64 MP: 7/7
  6094 | D:7      | Noticed Harold
  6361 | D:6      | Gained mutation: You cannot study or cast Poison magic. [Ru
                  | sacrifice]
  6361 | D:6      | Gained mutation: You cannot study or cast Transmutations
                  | magic. [Ru sacrifice]
  6361 | D:6      | Gained mutation: You cannot study or cast Charms magic. [Ru
                  | sacrifice]
  6361 | D:6      | Reached * piety under Ru
  6377 | D:7      | Killed Harold
  6377 | D:7      | Reached skill level 13 in Axes
  6605 | D:7      | Reached XP level 9. HP: 34/70 MP: 8/8
  7112 | D:7      | Found a runed translucent door.
  7113 | D:7      | Noticed Crazy Yiuf
  7316 | D:7      | Killed Crazy Yiuf
  7382 | D:8      | Reached skill level 14 in Axes
  7539 | D:8      | Got an encrusted war axe
  7547 | D:8      | Identified the cursed +1 war axe "Qicakyfu" {drain, rF+}
                  | (You found it on level 8 of the Dungeon)
  7555 | D:8      | Found a sand-covered staircase.
  7564 | Ossuary  | Entered an ossuary
  8147 | D:8      | Found a staircase to the Lair.
  8354 | D:8      | Reached skill level 15 in Axes
  8440 | D:8      | You fall through a shaft!
  8622 | D:9      | Reached skill level 5 in Fighting
  8845 | D:9      | Noticed a two-headed ogre
  8855 | D:9      | Killed a two-headed ogre
  8855 | D:9      | Reached XP level 10. HP: 18/87 MP: 9/9
  9141 | D:9      | Gained mutation: You cannot train Dodging skill. [Ru
                  | sacrifice]
  9141 | D:9      | Reached ** piety under Ru
  9829 | D:6      | Bought a +4 ring of strength for 405 gold pieces
  9908 | D:10     | Entered Level 10 of the Dungeon
  9908 | D:10     | Noticed Grum
  9908 | D:10     | Noticed a two-headed ogre
  9915 | D:9      | Killed Grum
 10018 | D:10     | Killed a two-headed ogre
 10018 | D:10     | Reached skill level 10 in Fighting
 10207 | D:10     | Found a staircase to the Orcish Mines.
 10915 | D:10     | Noticed an orc sorcerer
 10918 | D:10     | Noticed an orc sorcerer
 10923 | D:10     | Killed an orc sorcerer
 10925 | D:10     | Killed an orc sorcerer
 10925 | D:10     | Reached XP level 11. HP: 74/105 MP: 10/10
 10973 | D:10     | Got a twisted leather armour
 10975 | D:10     | Identified the +2 leather armour of Rotation {Str+3} (You
                  | found it on level 10 of the Dungeon)
 11260 | D:11     | Got an ichor-stained chain mail
 11264 | D:11     | Slain by an ice beast

Skill      XL: |  1  2  3  4  5  6  7  8  9 10 |
---------------+-------------------------------+-----
Axes           | 3 4 5 6 8 9 11 13 15 | 15.1
Fighting       | 8 12 | 12.9
Armour         | |  3.6
Shields        | |  3.6

Action                   |  1- 3 |  4- 6 |  7- 9 | 10-12 || total
-------------------------+-------+-------+-------+-------++-------
Melee: War axe           |    72 |   134 |   277 |   154 ||   637
       Headbutt          |    11 |    24 |    65 |    28 ||   128
Invok: Sacrifice Arcana  |       |       |     1 |       ||     1
       Sacrifice Nimblen |       |       |       |     1 ||     1
  Use: Scroll            |     4 |     6 |     3 |     6 ||    19
 Stab: Invisible         |       |       |     1 |       ||     1
  Eat: Chunk             |     1 |     6 |     8 |     4 ||    19
       Ration            |       |     1 |     3 |     1 ||     5
Armor: Scale mail        |    19 |    75 |    67 |       ||   161
       Plate armour      |       |       |       |    87 ||    87
       Leather armour    |       |       |       |     4 ||     4
Dodge: Dodged            |    30 |    35 |    44 |    35 ||   144
       Deflected         |       |       |     2 |     1 ||     3
Block: Shield            |    34 |    80 |    76 |    76 ||   266
